 Dungeon Crawl Stone Soup version 0.30-b1-2-g02819fbbbe (webtiles) character file.

Game seed: 3662228432514933777

9 Alarkh the Vexing (level 2, 21/21 HPs)
             Began as a Demonspawn Hexslinger on May 23, 2023.
             Got out of the dungeon alive.
             The game lasted 00:00:25 (242 turns).

Alarkh the Vexing (Demonspawn Hexslinger)            Turns: 242, Time: 00:00:26

Health: 21/21      AC:  2    Str: 10    XL:     2   Next: 6%
Magic:  3/3        EV: 12    Int: 14    God:
Gold:   13         SH:  0    Dex: 13    Spells: 2/3 levels left

rFire   . . .        a - +1 sling
rCold   . . .        (no shield)
rNeg    . . .        c - +0 robe
rPois   .            (no helmet)
rElec   .            (no cloak)
rCorr   .            (no gloves)
SInv    .            (no boots)
Will    .....        (no amulet)
Stlth   +            (no ring)
HPRegen 0.23/turn    (no ring)
MPRegen 0.16/turn

%: no passive effects
@: no status effects
A: magic regeneration
a: no special abilities


You escaped.
You visited 1 branch of the dungeon, and saw 1 of its levels.

You collected 13 gold pieces.

Inventory:

Hand Weapons
 a - a +1 sling (weapon)
 b - a +0 short sword
Armour
 c - a +0 robe (worn)
Scrolls
 d - a scroll of enchant weapon {unknown}
 e - 3 scrolls of teleportation {unknown}
 f - a scroll of poison
 h - a scroll of brand weapon {unknown}
Potions
 g - a potion of heal wounds {unknown}


   Skills:
 - Level 1.0 Fighting
 + Level 2.5 Ranged Weapons
 - Level 1.7 Dodging
 - Level 1.0 Spellcasting
 - Level 3.0 Hexes


You had 2 spell levels left.
You knew the following spells:

 Your Spells              Type           Power      Damage    Failure   Level
a - Slow                  Hex            36%        N/A       8%          1

Your spell library contained the following spells:

 Spells                   Type           Power      Damage    Failure   Level
 Inner Flame              Hex/Fire       4%         N/A       38%         3
 Portal Projectile        Hex/Tloc       8%         N/A       38%         3
 Cause Fear               Hex            4%         N/A       58%         4


Dungeon Overview and Level Annotations

Branches:
Dungeon (1/15)

Altars:


Innate Abilities, Weirdness & Mutations

You regenerate magic rapidly.


Message History

The sling bullet hits the kobold but does no damage.
The kobold is moderately wounded.
The kobold hits you with a +0 dagger.
You are too injured to fight recklessly!
b - a +0 short sword (weapon)
The kobold closely misses you.
You barely miss the kobold. The kobold hits you with a +0 dagger.
You hit the kobold.
You kill the kobold!
You see here a +0 dagger.
HP restored.
You open the door.
An endoplasm comes into view.
There is an open door here.
An endoplasm is nearby!
a - a +1 sling (weapon)
You shoot a sling bullet. The sling bullet hits the endoplasm!
You kill the endoplasm!
You have reached level 2!
Your demonic ancestry asserts itself...
Your magic begins to regenerate rapidly.
Found a stone staircase leading down.
A hobgoblin comes into view.
The hobgoblin shouts!
There is a stone staircase leading down here.
You shoot a sling bullet. The sling bullet hits the hobgoblin.
The hobgoblin is severely wounded.
You shoot a sling bullet.
The sling bullet barely misses the hobgoblin.
You shoot a sling bullet. The sling bullet hits the hobgoblin.
You kill the hobgoblin!
No target in view!
There is an open door here.
You see here a +0 dagger.
You see here a +0 ring mail.
Things that are here:
3 stones; a kobold skeleton
There is a staircase leading out of the dungeon here.
Are you sure you want to leave the Dungeon?
This will make you lose the game!
You have escaped!

#####.....####
#≈≈#.......#~#
#~...........#
#............#
#...........##
#.....~~~....#
##[..~...~...##
#....~.@.~....#
##...~...~....#
##....~~~.....#
#........(....#
#............##
###.........###
#≈~###......≈≈#
...
...####..^..#####
....
##............####
.....


There were no monsters in sight!

Vanquished Creatures
  2 endoplasms (D:1)
  A hobgoblin (D:1)
  A ball python (D:1)
  2 frilled lizards (D:1)
  4 kobolds (D:1)
  A rat (D:1)
11 creatures vanquished.

Notes
Turn   | Place    | Note
-------+----------+-------------------------------------------
     0 | D:1      | Alarkh the Demonspawn Hexslinger began the quest for the
                  | Orb.
     0 | D:1      | Reached XP level 1. HP: 15/15 MP: 2/2
   166 | D:1      | Gained mutation: You regenerate magic rapidly. [demonic
                  | ancestry]
   166 | D:1      | Reached XP level 2. HP: 21/21 MP: 3/3
   242 | D:$      | Got out of the dungeon alive.

Illustrated notes

Levels and vault maps discovered:
D:1:      enne_arrival_octagon_isle, layout_basic, corexii_corridor_pit

Skill      XL: |  1 |
---------------+----+-----
Ranged Weapons | 2 |  2.5
Fighting       | |  1.0
Dodging        | |  1.7
Spellcasting   | |  1.0
Hexes          | |  3.0

Action                     || total
---------------------------++-------
  Melee: Short sword       ||     2
   Fire: Sling             ||    31
 Armour: Robe              ||     2
  Dodge: Dodged            ||     6
